| TOP OF THE 1ST |
|
Buffalo Bisons batting - Pitching for Columbus Clippers : RHP Javier Villanueva
|
|
Pitching: RHP Javier Villanueva
|
|
|
Batting: RHB Juan Villa
|
0-0: Called Strike 0-1: Swinging Strike 0-2: Ball 1-2: Foul Ball, location: 2F 1-2: Ball 2-2: Ground out 1-3 (Groundball, 13, EV 62.5 MPH)
|
|
Batting: LHB Gene Krug
|
0-0: Called Strike 0-1: Foul Ball, location: 2F 0-2: Ball 1-2: Ball 2-2: Foul Ball, location: 2F 2-2: Foul Ball, location: 2F 2-2: Strikes out swinging
|
|
Batting: SHB George D Wright
|
0-0: Called Strike 0-1: Ball 1-1: Called Strike 1-2: Ball 2-2: Fly out, F7 (Flyball, 7S, EV 91.3 MPH)
|
| Top of the 1st over - 0 runs, 0 hits, 0 errors, 0 left on base; Buffalo 0 - Columbus 0 |
| BOTTOM OF THE 1ST |
|
Columbus Clippers batting - Pitching for Buffalo Bisons : RHP Gary Hartsock
|
|
Pitching: RHP Gary Hartsock
|
|
|
Batting: SHB Curt Wilkerson
|
0-0: Ball 1-0: Called Strike 1-1: SINGLE (Groundball, 34S, EV 68.1 MPH) (infield hit)
|
|
Batting: LHB Elijah Bonaparte
|
0-0: Ball 1-0: Foul Ball, location: 2F 1-1: Called Strike 1-2: Strikes out looking
|
|
Batting: LHB Denny Porter
|
0-0: SINGLE (Groundball, 34D, EV 102.5 MPH) Curt Wilkerson to second Runner from 2nd tries for 3rd, SAFE, throw by RF made to third
|
|
Batting: RHB Rod Allen
|
0-0: Called Strike 0-1: Fielders Choice at 2nd, 5-4 (Groundball, 5, EV 84.4 MPH) Curt Wilkerson scores
|
|
Batting: LHB Tony Ramirez
|
0-0: Called Strike Rod Allen steals 2nd base (no throw) 0-1: SINGLE (Flyball, 9LS, EV 97.5 MPH) Rod Allen to third Runner from 3rd tries for Home, SAFE, throw by RF to home
|
|
Batting: LHB Jordan Medrano
|
0-0: Ball Tony Ramirez steals 2nd base 1-0: Ball 2-0: Ground out U3 (Groundball, 13, EV 78.8 MPH)
|
| Bottom of the 1st over - 2 runs, 3 hits, 0 errors, 1 left on base; Buffalo 0 - Columbus 2 |
| TOP OF THE 2ND |
|
Buffalo Bisons batting - Pitching for Columbus Clippers : RHP Javier Villanueva
|
|
Batting: RHB Philip Klimas
|
0-0: Ball 1-0: Ball 2-0: Called Strike 2-1: Fly out, F3 (Popup, 3, EV 66.3 MPH)
|
|
Batting: LHB Phillip Baskerville
|
0-0: Called Strike 0-1: Ball 1-1: Ground out U3 (Groundball, 3, EV 87.5 MPH)
|
|
Batting: RHB Bill Bathe
|
0-0: SINGLE (Line Drive, 78S, EV 93.1 MPH)
|
|
Batting: LHB Bob Skube
|
0-0: Called Strike 0-1: Ball 1-1: Ball 2-1: Ball 3-1: Foul Ball, location: 2F 3-2: Strikes out swinging
|
| Top of the 2nd over - 0 runs, 1 hit, 0 errors, 1 left on base; Buffalo 0 - Columbus 2 |
| BOTTOM OF THE 2ND |
|
Columbus Clippers batting - Pitching for Buffalo Bisons : RHP Gary Hartsock
|
|
Batting: LHB Gene Gentile
|
0-0: Ball 1-0: Called Strike 1-1: Foul Ball, location: 2F 1-2: Foul Ball, location: 2F 1-2: Foul Ball, location: 2F 1-2: Ball 2-2: Fly out, F9 (Flyball, 89XD, EV 103.8 MPH)
|
|
Batting: LHB Arturo Blanco
|
0-0: Swinging Strike 0-1: SINGLE (Line Drive, 4MD, EV 99.4 MPH)
|
|
Batting: RHB Alex Rodriguez
|
0-0: Called Strike 0-1: Foul Ball, location: 2F 0-2: Fly out, F8 (Flyball, 8LD, EV 94.4 MPH)
|
|
Batting: SHB Curt Wilkerson
|
0-0: Ball 1-0: Swinging Strike 1-1: Called Strike 1-2: Ball 2-2: Foul Ball, location: 2F 2-2: Strikes out swinging
|
| Bottom of the 2nd over - 0 runs, 1 hit, 0 errors, 1 left on base; Buffalo 0 - Columbus 2 |
| TOP OF THE 3RD |
|
Buffalo Bisons batting - Pitching for Columbus Clippers : RHP Javier Villanueva
|
|
Batting: RHB Pat Keedy
|
0-0: Swinging Strike 0-1: Called Strike 0-2: Ball 1-2: Ground out U3 (Groundball, 34, EV 83.8 MPH)
|
|
Batting: SHB George Zeber
|
0-0: Called Strike 0-1: Ground out 3-1 (Groundball, 34, EV 85.6 MPH)
|
|
Batting: RHB Juan Villa
|
0-0: Ball 1-0: Foul Ball, location: 2F 1-1: Swinging Strike 1-2: Ball 2-2: Foul Ball, location: 2F 2-2: Strikes out looking
|
| Top of the 3rd over - 0 runs, 0 hits, 0 errors, 0 left on base; Buffalo 0 - Columbus 2 |
| BOTTOM OF THE 3RD |
|
Columbus Clippers batting - Pitching for Buffalo Bisons : RHP Gary Hartsock
|
|
Batting: LHB Elijah Bonaparte
|
0-0: Ball 1-0: Ground out 4-3 (Groundball, 4, EV 92.5 MPH)
|
|
Batting: LHB Denny Porter
|
0-0: Called Strike 0-1: Called Strike 0-2: Ball 1-2: Ball 2-2: Foul Ball, location: 2F 2-2: Fly out, F8 (Flyball, 8RM, EV 85.6 MPH)
|
|
Batting: RHB Rod Allen
|
0-0: Ball 1-0: Ball 2-0: Called Strike 2-1: Foul Ball, location: 2F 2-2: Fly out, F9 (Flyball, 9LS, EV 85.6 MPH)
|
| Bottom of the 3rd over - 0 runs, 0 hits, 0 errors, 0 left on base; Buffalo 0 - Columbus 2 |
| TOP OF THE 4TH |
|
Buffalo Bisons batting - Pitching for Columbus Clippers : RHP Javier Villanueva
|
|
Batting: LHB Gene Krug
|
0-0: SOLO HOME RUN (Flyball, 9D, EV 106.3 MPH), Distance : 369 ft
|
|
Batting: SHB George D Wright
|
0-0: Ball 1-0: Called Strike 1-1: Swinging Strike 1-2: Foul Ball, location: 2F 1-2: Ball 2-2: Foul Ball, location: 2F 2-2: SINGLE (Groundball, 4MS, EV 66.3 MPH) (infield hit)
|
|
Batting: RHB Philip Klimas
|
0-0: Called Strike 0-1: Called Strike 0-2: Ball 1-2: Fly out, F4 (Flyball, 4D, EV 90.0 MPH)
|
|
Batting: LHB Phillip Baskerville
|
0-0: Ball 1-0: Fielders Choice at 2nd, 4-6 (Groundball, 4, EV 78.1 MPH)
|
|
Batting: RHB Bill Bathe
|
0-0: Called Strike 0-1: Called Strike 0-2: Ball 1-2: Strikes out swinging
|
| Top of the 4th over - 1 run, 2 hits, 0 errors, 1 left on base; Buffalo 1 - Columbus 2 |
| BOTTOM OF THE 4TH |
|
Columbus Clippers batting - Pitching for Buffalo Bisons : RHP Gary Hartsock
|
|
Batting: LHB Tony Ramirez
|
0-0: Ball 1-0: Called Strike 1-1: Fly out, F6 (Popup, 56, EV 78.1 MPH)
|
|
Batting: LHB Jordan Medrano
|
0-0: Fly out, F7 (Flyball, 7S, EV 85.6 MPH)
|
|
Batting: LHB Gene Gentile
|
0-0: Called Strike 0-1: Ball 1-1: Ground out 6-3 (Groundball, 6, EV 92.5 MPH)
|
| Bottom of the 4th over - 0 runs, 0 hits, 0 errors, 0 left on base; Buffalo 1 - Columbus 2 |
| TOP OF THE 5TH |
|
Buffalo Bisons batting - Pitching for Columbus Clippers : RHP Javier Villanueva
|
|
Batting: LHB Bob Skube
|
0-0: Called Strike 0-1: Swinging Strike 0-2: Ball 1-2: Ball 2-2: Ball 3-2: Fly out, F7 (Flyball, 7D, EV 103.8 MPH)
|
|
Batting: RHB Pat Keedy
|
0-0: Ball 1-0: Ball 2-0: Swinging Strike 2-1: Foul Ball, location: 2F 2-2: Foul Ball, location: 2F 2-2: Ball 3-2: Foul Ball, location: 2F 3-2: Base on Balls
|
|
Batting: SHB George Zeber
|
0-0: Called Strike 0-1: Ball 1-1: Ball 2-1: Ball 3-1: Base on Balls Pat Keedy to second
|
|
Batting: RHB Juan Villa
|
0-0: Foul Ball, location: 2F 0-1: Foul Ball, location: 2F 0-2: Foul Ball, location: 2F 0-2: Foul Ball, location: 2F 0-2: Ball 1-2: Ball 2-2: Fielders Choice at 2nd, 4-6 (Groundball, 4, EV 86.9 MPH) Pat Keedy to third
|
|
Batting: LHB Gene Krug
|
0-0: Ball 1-0: SINGLE (Groundball, 4D, EV 93.8 MPH) Pat Keedy scores Juan Villa to second Runner from 2nd tries for 3rd, SAFE, throw by RF made to third
|
|
Batting: SHB George D Wright
|
0-0: Called Strike 0-1: Fly out, F6 (Flyball, 56D, EV 88.8 MPH)
|
| Top of the 5th over - 1 run, 1 hit, 0 errors, 2 left on base; Buffalo 2 - Columbus 2 |
| BOTTOM OF THE 5TH |
|
Columbus Clippers batting - Pitching for Buffalo Bisons : RHP Gary Hartsock
|
|
Batting: LHB Arturo Blanco
|
0-0: Fly out, F2 (Popup, 2LF, EV 88.8 MPH)
|
|
Batting: RHB Alex Rodriguez
|
0-0: Foul Ball, location: 2F 0-1: Called Strike 0-2: Ball 1-2: Ground out 5-3 (Groundball, 5L, EV 89.4 MPH)
|
|
Batting: SHB Curt Wilkerson
|
0-0: Called Strike 0-1: Ball 1-1: Ball 2-1: Ball 3-1: Ground out 5-3 (Groundball, 56, EV 87.5 MPH)
|
| Bottom of the 5th over - 0 runs, 0 hits, 0 errors, 0 left on base; Buffalo 2 - Columbus 2 |
| TOP OF THE 6TH |
|
Buffalo Bisons batting - Pitching for Columbus Clippers : RHP Javier Villanueva
|
|
Batting: RHB Philip Klimas
|
0-0: Swinging Strike 0-1: Called Strike 0-2: Ground out 6-3 (Groundball, 6, EV 85.0 MPH)
|
|
Batting: LHB Phillip Baskerville
|
0-0: Foul Ball, location: 2F 0-1: Swinging Strike 0-2: Strikes out looking
|
|
Batting: RHB Bill Bathe
|
0-0: Ball 1-0: Fly out, F8 (Flyball, 8LD, EV 83.1 MPH)
|
| Top of the 6th over - 0 runs, 0 hits, 0 errors, 0 left on base; Buffalo 2 - Columbus 2 |
| BOTTOM OF THE 6TH |
|
Columbus Clippers batting - Pitching for Buffalo Bisons : RHP Gary Hartsock
|
|
Batting: LHB Elijah Bonaparte
|
0-0: Ball 1-0: Ball 2-0: Foul Ball, location: 2F 2-1: Called Strike 2-2: SINGLE (Groundball, 3S, EV 68.8 MPH) (infield hit)
|
|
Batting: LHB Denny Porter
|
0-0: Ball Elijah Bonaparte is caught stealing 2nd base 2-6 1-0: Ball 2-0: Ball 3-0: Base on Balls
|
|
Batting: RHB Rod Allen
|
0-0: Fly out, F8 (Flyball, 89XD, EV 89.4 MPH)
|
|
Batting: LHB Tony Ramirez
|
0-0: Ball 1-0: Ball 2-0: Called Strike 2-1: Ball 3-1: Swinging Strike 3-2: Base on Balls Denny Porter to second
|
|
Batting: LHB Jordan Medrano
|
0-0: Swinging Strike 0-1: Ball 1-1: Foul Ball, location: 2F 1-2: Foul Ball, location: 2F 1-2: DOUBLE (Flyball, 8RXD, EV 98.8 MPH) Denny Porter scores Tony Ramirez to third Runner from 3rd tries for Home, SAFE, no throw by CF
|
|
Batting: LHB Gene Gentile
|
0-0: Swinging Strike 0-1: Foul Ball, location: 2F 0-2: Ball 1-2: Ground out U3 (Groundball, 3, EV 105.0 MPH)
|
| Bottom of the 6th over - 2 runs, 2 hits, 0 errors, 1 left on base; Buffalo 2 - Columbus 4 |
| TOP OF THE 7TH |
|
Buffalo Bisons batting - Pitching for Columbus Clippers : RHP Javier Villanueva
|
|
Pitching: LHP Chris Welsh
|
|
|
Batting: LHB Bob Skube
|
0-0: Ball 1-0: Foul Ball, location: 2F 1-1: Called Strike 1-2: Strikes out looking
|
|
Batting: RHB Pat Keedy
|
0-0: Swinging Strike 0-1: Ball 1-1: Ball 2-1: Called Strike 2-2: Ball 3-2: Foul Ball, location: 2F 3-2: Base on Balls
|
|
Batting: SHB George Zeber
|
0-0: Swinging Strike 0-1: Swinging Strike 0-2: Foul Ball, location: 2F 0-2: Strikes out swinging Pat Keedy is caught stealing 2nd base 2-4 Batter strikes out.
|
| Top of the 7th over - 0 runs, 0 hits, 0 errors, 0 left on base; Buffalo 2 - Columbus 4 |
| BOTTOM OF THE 7TH |
|
Columbus Clippers batting - Pitching for Buffalo Bisons : RHP Gary Hartsock
|
|
Batting: LHB Arturo Blanco
|
0-0: SINGLE (Line Drive, 6D, EV 94.4 MPH)
|
|
Batting: RHB Alex Rodriguez
|
0-0: Ball 1-0: Ball 2-0: Bunted foul 2-1: Bunt missed! 2-2: Fielders Choice at 2nd, 3-6 (Groundball, 34S, EV 78.8 MPH)
|
|
Batting: SHB Curt Wilkerson
|
0-0: Called Strike 0-1: Called Strike 0-2: Foul Ball, location: 2F 0-2: Strikes out swinging
|
|
Batting: LHB Elijah Bonaparte
|
0-0: Ball 1-0: Foul Ball, location: 2F 1-1: Swinging Strike 1-2: Ground out U3 (Groundball, 3, EV 89.4 MPH)
|
| Bottom of the 7th over - 0 runs, 1 hit, 0 errors, 1 left on base; Buffalo 2 - Columbus 4 |
| TOP OF THE 8TH |
|
Buffalo Bisons batting - Pitching for Columbus Clippers : LHP Chris Welsh
|
|
Batting: RHB Juan Villa
|
0-0: Foul Ball, location: 2F 0-1: Swinging Strike 0-2: DOUBLE (Line Drive, 9LM, EV 110.0 MPH)
|
|
Batting: LHB Gene Krug
|
0-0: SINGLE (Groundball, 6MD, EV 114.4 MPH) Juan Villa to third Runner from 3rd tries for Home, SAFE, throw by CF to home Gene Krug to second
|
|
Batting: SHB George D Wright
|
0-0: Foul Ball, location: 2F 0-1: Ball 1-1: Ball 2-1: Called Strike 2-2: Ball 3-2: Foul Ball, location: 2F 3-2: Base on Balls
|
|
Pinch Runner at 2nd John Denman:
|
|
|
Batting: RHB Philip Klimas
|
0-0: Fly out, F9 (Line Drive, 9D, EV 88.8 MPH) Runner from 2nd tags up, SAFE at 3rd, no throw by RF
|
|
Batting: RHB John Seefried
|
0-0: Ball 1-0: Ball 2-0: Foul Ball, location: 2F 2-1: Swinging Strike 2-2: SINGLE (Groundball, 56D, EV 98.8 MPH) John Denman scores George D Wright to second
|
|
Batting: RHB Bill Bathe
|
0-0: Ball George D Wright steals 3rd base 1-0: Ball 2-0: Called Strike 2-1: Called Strike 2-2: Foul Ball, location: 2F 2-2: Ball 3-2: Foul Ball, location: 2F 3-2: Strikes out swinging
|
|
Batting: LHB Bob Skube
|
0-0: Ball 1-0: Swinging Strike 1-1: Foul Ball, location: 2F 1-2: Ball 2-2: Ground out U3 (Groundball, 3, EV 83.1 MPH)
|
| Top of the 8th over - 2 runs, 3 hits, 0 errors, 2 left on base; Buffalo 4 - Columbus 4 |
| BOTTOM OF THE 8TH |
|
Columbus Clippers batting - Pitching for Buffalo Bisons : RHP Gary Hartsock
|
|
Now at 1B: Doe Boyland
|
|
|
Batting: LHB Denny Porter
|
0-0: Called Strike 0-1: Ground out 4-3 (Groundball, 4, EV 78.1 MPH)
|
|
Batting: RHB Rod Allen
|
0-0: DOUBLE (Line Drive, 78D, EV 106.3 MPH)
|
|
Batting: LHB Tony Ramirez
|
0-0: Ball Rod Allen is caught stealing 3rd base 2-5 1-0: Called Strike 1-1: Foul Ball, location: 2F 1-2: Strikes out swinging
|
| Bottom of the 8th over - 0 runs, 1 hit, 0 errors, 0 left on base; Buffalo 4 - Columbus 4 |
| TOP OF THE 9TH |
|
Buffalo Bisons batting - Pitching for Columbus Clippers : LHP Chris Welsh
|
|
Pitching: RHP Joseph Georger
|
|
|
Batting: RHB Pat Keedy
|
0-0: Ball 1-0: Ball 2-0: Called Strike 2-1: Ball 3-1: Fly out, F2 (Popup, 25F, EV 82.5 MPH)
|
|
Pinch Hitting: LHB Gary Rajsich
|
0-0: Foul Ball, location: 2F 0-1: Ball 1-1: Ball 2-1: Ball 3-1: Called Strike 3-2: Strikes out swinging
|
|
Batting: RHB Juan Villa
|
0-0: Called Strike 0-1: Foul Ball, location: 2F 0-2: Strikes out looking
|
| Top of the 9th over - 0 runs, 0 hits, 0 errors, 0 left on base; Buffalo 4 - Columbus 4 |
| BOTTOM OF THE 9TH |
|
Columbus Clippers batting - Pitching for Buffalo Bisons : RHP Gary Hartsock
|
|
Now at 2B: Nicholas Kintz
|
|
|
Batting: LHB Jordan Medrano
|
0-0: Ball 1-0: Ball 2-0: Foul Ball, location: 2F 2-1: Foul Ball, location: 2F 2-2: Foul Ball, location: 2F 2-2: Foul Ball, location: 2F 2-2: Ball 3-2: Base on Balls
|
|
Batting: LHB Gene Gentile
|
0-0: Ball 1-0: Foul Ball, location: 2F 1-1: Ball 2-1: Ball 3-1: Fly out, F7 (Flyball, 7LM, EV 106.3 MPH)
|
|
Batting: LHB Arturo Blanco
|
0-0: Ball 1-0: Bunted foul 1-1: Bunted foul 1-2: Ball 2-2: Fielders Choice at 2nd, 6-4 (Groundball, 6, EV 76.3 MPH)
|
|
Pitching: LHP Buddy Black
|
|
|
Pinch Hitting: RHB Tracy Anderson
|
0-0: Ball 1-0: Called Strike Arturo Blanco steals 2nd base 1-1: Ball 2-1: SINGLE (Groundball, 6MD, EV 97.5 MPH) Arturo Blanco to third Runner from 3rd tries for Home, SAFE, throw by CF to home
|
| Bottom of the 9th over - 1 run, 1 hit, 0 errors, 0 left on base; Buffalo 4 - Columbus 5 |
|